Map: Ruins of Seras

Players

InZaNe

  • Race: Terran Terran
  • League: Master

State - Winner!

  • Race: Protoss Protoss

Event: DreamHack ZOWIE Open Leipzig

VOD

Have the link to the VOD?

Description

Time

  • Played on: Jan. 22, 2016, 9:15 a.m.
  • Length: 9:37

All games in this series

Show
View Real Time Build Order
Export as new Build Order

InZaNe Terran 

Build Orders: Reaper Expand 

Get SALT Encoding   

  12  0:00  SCV  
  13  0:12  SCV  
  14  0:18  Supply Depot  
  14  0:24  SCV  
  15  0:39  SCV  
  15  0:40  Barracks  
  16  0:46  Refinery  
  16  0:51  SCV  
  17  1:03  SCV  
  18  1:15  SCV  
  19  1:28  Orbital Command  
  19  1:29  Reaper  
  20  1:44  Command Center  
  20  1:53  Supply Depot  
  20  1:55  SCV  
  21  2:01  Barracks Reactor  
  21  2:07  SCV  
  22  2:19  SCV  
  23  2:23  Factory  
  23  2:29  Refinery  
  23  2:31  SCV  
  24  2:38  Marine x2  
  24  2:43  SCV  
  27  2:55  SCV, Marine x2  
  27  2:57  Orbital Command  
  30  3:07  SCV, Starport  
  30  3:09  Factory Tech Lab  
  31  3:13  Marine x2  
  31  3:19  SCV  
  34  3:23  SCV  
  34  3:24  Supply Depot  
  35  3:31  Cyclone  
  35  3:32  SCV, Marine  
  35  3:33  Marine  
  40  3:35  SCV  
  41  3:44  SCV  
  41  3:46  Viking  
  41  3:47  SCV  
  45  3:50  Supply Depot, Marine  
  45  3:55  Marine  
  47  3:57  SCV  
  47  4:05  SCV  
  47  4:08  Marine  
  48  4:10  Siege Tank  
  48  4:12  Marine  
  51  4:21  SCV x2  
  51  4:28  Marine  
  52  4:31  Command Center  
  52  4:33  SCV  
  52  4:34  SCV  
  54  4:39  Supply Depot  
  53  4:45  SCV  
  52  4:57  Starport Tech Lab  
  52  4:58  SCV  
  52  4:59  Siege Tank, Barracks  
  56  5:00  Barracks  
  56  5:04  Marine x2  
  56  5:06  SCV  
  59  5:10  SCV  
  60  5:18  SCV  
  60  5:21  Refinery x2  
  60  5:22  SCV  
  60  5:25  Starport Reactor  
  61  5:30  SCV  
  61  5:31  Engineering Bay  
  61  5:32  Bunker  
  61  5:34  SCV  
  63  5:41  Starport  
  63  5:42  Starport  
  63  5:46  Orbital Command  
  63  5:48  Marine x3  
  69  5:51  Viking x2  
  68  6:00  Missile Turret  
  68  6:02  Missile Turret  
  68  6:07  Marine  
  68  6:09  Marine  
  69  6:16  Stimpack  
  66  6:20  Viking  
  66  6:21  Viking x2  
  70  6:30  Marine x2  
  70  6:38  Viking  
  72  6:44  Marine  
  72  6:45  SCV x2  
  72  6:46  SCV  
  76  6:48  Marine x2  
  76  6:50  Viking  
  76  6:51  Viking  
  73  7:14  Marine  
  72  7:19  Viking x2, Marine x2  
  72  7:22  SCV x3  
  79  7:24  Viking x2  
  83  7:32  Marine  
  83  7:35  Orbital Command  
  83  7:37  SCV x2  
  84  7:49  SCV x2, Viking  
  87  7:52  Barracks Reactor  
  87  7:55  Viking x2  
  91  7:59  Barracks Reactor  
  91  8:01  SCV x2  
  93  8:07  Supply Depot  
  93  8:08  SCV  
  90  8:13  SCV x2  
  90  8:14  Viking  
  90  8:20  SCV, Viking  
  90  8:25  SCV  
  93  8:29  SCV  
  93  8:32  SCV  
  88  8:35  Marine  
  88  8:36  Marine x2  
  88  8:37  SCV  
  88  8:40  Bunker x2  
  83  8:45  SCV x2  
  83  8:46  Marine  
  83  8:56  Viking  
  83  9:02  Viking x2  
  86  9:04  Marine x2  
  76  9:11  Marine x3  
Show
View Real Time Build Order
Export as new Build Order

State Protoss - Winner!

Build Orders: 1 Gate Expand, Oracle Opening 

Get SALT Encoding   

  12  0:00  Probe (Chrono Boost)  
  13  0:11  Probe (Chrono Boost)  
  14  0:17  Pylon  
  14  0:22  Probe (Chrono Boost)  
  16  0:35  Probe (Chrono Boost)  
  16  0:37  Gateway  
  16  0:43  Assimilator  
  16  0:46  Probe (Chrono Boost)  
  18  0:57  Probe (Chrono Boost)  
  18  1:07  Probe (Chrono Boost)  
  19  1:23  Nexus  
  19  1:26  Probe (Chrono Boost)  
  20  1:36  Cybernetics Core  
  20  1:42  Probe (Chrono Boost)  
  20  1:45  Assimilator  
  21  1:52  Probe (Chrono Boost)  
  22  1:56  Pylon  
  22  2:04  Probe (Chrono Boost)  
  23  2:14  Adept  
  23  2:15  Mothership Core (Chrono Boost)  
  26  2:18  Warp Gate  
  26  2:33  Probe (Chrono Boost)  
  26  2:35  Probe (Chrono Boost)  
  28  2:41  Adept  
  28  2:43  Probe (Chrono Boost)  
  31  2:45  Probe (Chrono Boost)  
  32  2:54  Probe (Chrono Boost)  
  32  2:55  Stargate  
  32  2:56  Probe (Chrono Boost)  
  34  3:05  Probe (Chrono Boost)  
  35  3:06  Probe (Chrono Boost)  
  35  3:07  Assimilator  
  35  3:09  Assimilator  
  35  3:12  Adept  
  38  3:15  Probe (Chrono Boost)  
  39  3:21  Probe (Chrono Boost)  
  39  3:25  Pylon  
  39  3:26  Probe (Chrono Boost)  
  41  3:31  Probe (Chrono Boost)  
  42  3:36  Probe (Chrono Boost)  
  42  3:38  Oracle (Chrono Boost)  
  42  3:41  Pylon  
  46  3:43  Probe  
  46  3:48  Probe  
  48  3:52  Pylon  
  48  3:54  Probe  
  48  4:00  Probe  
  50  4:05  Probe  
  51  4:12  Probe  
  52  4:18  Probe (Chrono Boost)  
  53  4:24  Probe (Chrono Boost)  
  53  4:27  Stargate  
  53  4:28  Fleet Beacon  
  54  4:31  Pylon  
  54  4:32  Probe (Chrono Boost)  
  54  4:35  Probe (Chrono Boost)  
  58  4:52  Probe x2 (Chrono Boost)  
  54  4:56  Pylon  
  54  4:59  Protoss Air Weapons Level 1  
  54  5:04  Twilight Council  
  54  5:10  Tempest (Chrono Boost)  
  54  5:11  Tempest (Chrono Boost)  
  62  5:15  Gateway  
  62  5:16  Gateway  
  62  5:27  Gateway  
  62  5:28  Gateway  
  62  5:49  Resonating Glaives, Tempest x2 (Chrono Boost)  
  70  5:54  Pylon  
  70  6:12  Pylon  
  70  6:15  Pylon  
  70  6:23  Pylon  
  74  6:26  Tempest x2 (Chrono Boost)  
  76  6:41  Adept x3  
  88  7:15  Tempest (Chrono Boost)  
  88  7:25  Gateway  
  88  7:27  Adept x5  
  88  7:29  Pylon  
  98  7:30  Pylon  
  98  7:33  Gateway  
  98  7:36  Probe  
  96  7:39  Oracle (Chrono Boost)  
  96  7:40  Probe  
  100  7:56  Adept x5  
  110  7:58  Gateway  
  106  8:15  Tempest (Chrono Boost)  
  106  8:26  Adept x5  
  116  8:41  Adept x2  
  116  8:45  Pylon  
  116  8:47  Pylon  
  120  8:48  Adept x2  
  120  8:49  Adept, Pylon  
  120  8:51  Pylon  
  126  9:01  Pylon  
  120  9:18  Stalker x3  
  120  9:20  Stalker x3  

Tags
 
Add a new tag
Caveats
  • Supply blocks, unpowered buildings, or Contaminate may cause inaccurate times.
  • Supply counts are checked every 10 seconds.